 Seeded DCSS version 0.27.1-4-g1640c2035a (webtiles) character file.

Game seed: 17917702172686289498 (custom seed)

241 GlazedDonut the Skirmisher (level 5, -5/43 (44) HPs)
             Began as a Palentonga Fighter on Nov 1, 2021.
             Was a Priest of Jiyva.
             Slain by Blork the orc (7 damage)
             ... on level 5 of the Dungeon.
             The game lasted 00:12:42 (3454 turns).

GlazedDonut the Skirmisher (Palentonga Fighter)     Turns: 3454, Time: 00:12:43

HP:   -5/43 (44)    AC: 10    Str: 19    XL:     5   Next: 80%
MP:   3/5           EV:  5    Int:  9    God:    Jiyva [***...]
Gold: 15            SH:  9    Dex: 10    Spells: 4/4 levels left

rFire    . . .     SeeInvis +   a - +0 war axe
rCold    . . .     Faith    .   c - +0 kite shield
rNeg     . . .     Spirit   .   b - +0 scale mail
rPois    .         Reflect  .   g - +0 helmet
rElec    .         Harm     .   (no cloak)
rCorr    +         Rampage  .   m - +1 pair of gloves
Will     .....                  (no barding)
Stlth    ..........             (no amulet)
HPRegen  0.14/turn              (no ring)
MPRegen  0.09/turn              (no ring)

@: lethally poisoned (-5 -> -12), lightly drained
A: large, rugged brown scales 3, see invisible, deformed body, roll 1, armoured
tail
a: Rolling Charge, Renounce Religion, Request Jelly


You were on level 5 of the Dungeon.
You worshipped Jiyva.
Jiyva was most pleased with you.
You visited 1 branch of the dungeon, and saw 5 of its levels.

You collected 15 gold pieces.

Inventory:

Hand Weapons
 a - a +0 war axe (weapon)
 d - a +0 glaive
 j - a +1 vorpal hunting sling
Missiles
 h - 36 sling bullets
 k - 18 poisoned darts
 l - 21 stones
 n - 21 bolts
Armour
 b - a +0 scale mail (worn)
 c - a +0 kite shield (worn)
 g - a +0 helmet (worn)
 m - a +1 pair of gloves (worn)
 o - a +0 ring mail
 r - a +0 leather armour
Potions
 p - a potion of degeneration
 q - a potion of magic {unknown}


   Skills:
 + Level 4.1 Fighting
 + Level 3.5 Axes
 + Level 3.4 Armour
 + Level 3.4 Shields


You had 4 spell levels left.
You didn't know any spells.
Your spell library contained the following spells:

 Spells                   Type           Power      Damage    Failure   Level
 Sting                    Tmut/Pois      0%         1d3       99%         1
 Poisonous Vapours        Pois/Air       0%         N/A       99%         2
 Olgreb's Toxic Radiance  Pois           0%         N/A       100%        4


Dungeon Overview and Level Annotations

Branches:
Dungeon (5/15)
 Temple: D:4-7

Altars:
Uskayaw
Xom
Jiyva

Shops:
D:4 ?

Annotations:
D:5 Blork the orc


Innate Abilities, Weirdness & Mutations

You are completely covered in rugged brown scales. (AC +3, +7% HP)
You have supernaturally acute eyesight. (SInv)
Armour fits poorly on your strangely shaped body.
You can roll at nearby foes to attack.
You have a long armoured tail.


Message History

The orc dies!
You block the adder's attack. The orc hits you but does no damage.
The necrophage hits you but does no damage.
Blork the orc casts a spell.
Blork the orc seems to speed up.
The orc wizard hits you but does no damage.
You hear a distant slurping noise.
The water moccasin bites you.
You are poisoned.
The water moccasin poisons you!
You slash the orc wizard!
The orc wizard is heavily wounded.
You barely miss the water moccasin. You closely miss the necrophage.
You hit the adder.
You kill the adder!
You completely miss the orc.
You feel very sick.
Blork the orc casts a cantrip, but nothing happens.
You block the orc's attack.
The water moccasin bites you but does no damage.
The necrophage hits you but does no damage.
The orc wizard hits you but does no damage.
You hear a slurping noise.
Jiyva appreciates your sacrifice. x2
The jelly barely misses the orc.
You block the orc's attack. You block the water moccasin's attack.
The orc hits the jelly with a +0 mace!
The acid corrodes the orc!
The orc is burned by acid!
The necrophage hits you.
* * * LOW HITPOINT WARNING * * *
You feel drained.
* * * LOW HITPOINT WARNING * * *
You closely miss the orc wizard.
Your tail-slap misses the orc wizard.
The orc wizard is heavily wounded.
You barely miss the orc. You hit Blork the orc. You slash the necrophage!
You miss the water moccasin.
You feel very sick. You block Blork the orc's attack.
The water moccasin bites you!
* * * LOW HITPOINT WARNING * * *
You block the orc wizard's attack.
The jelly closely misses the orc.
Blork the orc hits you with a +6 scimitar of draining!
You die...

###### ##...## #.....
##.....## #.....
#.......# #.....
.......## ##.....
.................
#.....######....>
##o....## ##....
######@SJ....# .....##
#...ooono....##..##..##
#.....o......... ...##
#....$.......... .##
#..............#
#...........####
....!......#.#
#..##.#..###.#
......... .


You could see Blork the orc (fast), a water moccasin, a necrophage, an orc
wizard, 4 orcs and a neutral jelly (fellow slime).

Vanquished Creatures
  A scorpion (D:4)
  A hound (D:4)
  A centaur skeleton (D:5)
  An iguana (D:4)
  2 gnolls (D:3)
  2 adders
  A worm (D:3)
  A dart slug (D:2)
  4 orcs
  4 bats
  A giant cockroach (D:1)
  6 goblins
  3 hobgoblins
  3 jackals (D:2)
  3 kobolds
  3 quokkas
  3 ball pythons
  2 frilled lizards (D:3)
  4 rats
46 creatures vanquished.

Vanquished Creatures (others)
  A scorpion (D:4)
  4 jellies (D:4)
  2 orc priests (D:4)
  Natasha (thrice) (D:4)
  A gnoll (D:3)
  3 adders (D:4)
  A worm (D:2)
  4 orcs
  4 endoplasms (D:3)
  5 giant cockroaches
  A hobgoblin (D:4)
  2 kobolds
  A quokka (D:2)
  2 ball pythons
  5 bats
  A frilled lizard (D:3)
  2 goblins
  2 rats (D:1)
44 creatures vanquished.

Grand Total: 90 creatures vanquished

Notes
Turn   | Place    | Note
-------+----------+-------------------------------------------
     0 | D:1      | GlazedDonut the Palentonga Fighter began the quest for the
                  | Orb.
     0 | D:1      | Reached XP level 1. HP: 19/19 MP: 1/1
    82 | D:1      | Found a faded altar of an unknown god.
    85 | D:1      | Became a worshipper of Jiyva Jaacluz the Shapeless
    85 | D:1      | Reached * piety under Jiyva
   841 | D:2      | Reached XP level 2. HP: 22/25 MP: 2/2
  1156 | D:2      | Reached XP level 3. HP: 23/31 MP: 3/3
  1954 | D:3      | Reached ** piety under Jiyva
  1975 | D:3      | Reached XP level 4. HP: 24/37 MP: 4/4
  2408 | D:4      | Noticed a scorpion
  2415 | D:4      | Killed a scorpion
  2503 | D:4      | Killed a scorpion
  2573 | D:4      | Found Jeazoris's Magic Scroll Shop.
  2605 | D:4      | Reached XP level 5. HP: 28/44 MP: 5/5
  2869 | D:4      | Killed Natasha
  2897 | D:4      | Noticed Natasha
  2906 | D:4      | Killed Natasha
  2973 | D:4      | Killed Natasha
  3172 | D:4      | Found a large runed translucent door.
  3172 | D:4      | Found a large runed translucent door.
  3290 | D:4      | Reached skill level 4 in Fighting
  3295 | D:4      | Found a shimmering altar of Xom.
  3298 | D:4      | Found a hide-covered altar of Uskayaw.
  3303 | D:4      | Reached *** piety under Jiyva
  3427 | D:5      | Entered Level 5 of the Dungeon
  3444 | D:5      | Noticed a water moccasin
  3444 | D:5      | Noticed a necrophage
  3445 | D:5      | Noticed Blork the orc
  3454 | D:5      | HP: 2/43 [water moccasin (8)]
  3454 | D:5      | Slain by Blork the orc

Illustrated notes

Levels and vault maps discovered:
D:1:      heliophobic_arrival_henge, layout_basic,
          shapermc_ecumenical_altar_venn, minmay_bisected
D:2:      layout_rooms, wad_floor_pattern_1
D:3:      layout_rooms
D:4:      layout_loops_cross, jmf_multi_god_temple2, serial_shops,
          nicolae_shop_behind_doors, feat_on_display, uniq_natasha
D:5:      layout_rooms, portal_sewer_entry_b, serial_park_tiny_2, st_stairs_14,
          grunt_decor_clamped, uniq_blork_the_orc, uniq_pikel

Skill      XL: |  1  2  3  4  5 |
---------------+----------------+-----
Armour         | 3 |  3.4
Axes           | 3 |  3.5
Shields        | 3 |  3.4
Fighting       | 4 |  4.1

Action                   |  1- 3 |  4- 6 || total
-------------------------+-------+-------++-------
Melee: War axe           |    83 |    57 ||   140
       Tailslap          |     7 |     5 ||    12
Invok: Request Jelly     |       |     1 ||     1
  Use: Scroll            |     1 |     3 ||     4
       Potion            |     1 |       ||     1
Armor: Scale mail        |    66 |    57 ||   123
Dodge: Dodged            |    19 |    15 ||    34
Block: Kite shield       |    50 |    35 ||    85
